 Dungeon Crawl Stone Soup version 0.17-a0-1479-g4041c36 (webtiles) character file.

21616 rnawigator the Basher (level 12, -18/172 HPs)
             Began as a Hill Orc Berserker on July 3, 2015.
             Was a High Priest of Trog.
             Demolished by a minotaur
             ... wielding the +9 quarterstaff of Dafoej {elec, rC+ SInv}
              (29 damage)
             ... in a labyrinth.
             The game lasted 01:11:02 (15956 turns).

rnawigator the Basher (Hill Orc Berserker)         Turns: 15956, Time: 01:11:02

Health: -18/172    AC: 15    Str: 32    XL:     12   Next: 91%
Magic:  15/15      EV: 15    Int:  8    God:    Trog [*****.]
Gold:   800        SH:  0    Dex: 12    Spells: 0 memorised, 11 levels left

rFire  + . .     SeeInvis .     a - +3 mace (freeze)
rCold  . . .     Clarity  +     C - +6 leather armour "Qagicac" {rPois rF+ MR- Regen+}
rNeg   . . .     SustAt   .     (no shield)
rPois  +         Gourm    .     (no helmet)
rElec  .         Spirit   .     I - +1 cloak
rCorr  .         Warding  .     (no gloves)
rMut   .         Stasis   .     q - +2 pair of boots
MR     .....                    t - amulet of clarity
Stlth  ..........               (no ring)
                                w - +5 ring of strength

@: mighty, berserking, very quick, not resistant to hostile enchantments,
extremely unstealthy
A: no striking features
a: Burn Spellbooks, Berserk, Trog's Hand, Brothers in Arms, Renounce Religion


You were in a labyrinth.
You worshipped Trog.
Trog was extremely pleased with you.
You were hungry.

You visited 2 branches of the dungeon, and saw 13 of its levels.
You also visited: Labyrinth and Sewer.

You collected 800 gold pieces.

Inventory:

Hand weapons
 a - a +3 mace of freezing (weapon)
 b - a +0 hunting sling of flaming
 f - a +0 blowgun
 y - a +0 flail of holy wrath
 D - a +2 flail of draining
 O - a +1 antimagic dire flail
Missiles
 i - 358 stones (quivered)
 p - 72 poisoned needles
 s - 162 sling bullets
 A - 5 needles of paralysis
Armour
 q - a +2 pair of boots (worn)
 C - the +6 leather armour "Qagicac" (worn) {rPois rF+ MR- Regen+}
   (You found it on level 5 of the Dungeon)

   It protects you from fire.
   It protects you from poison.
   It affects your resistance to hostile enchantments.
   It increases your rate of regeneration.
 I - a +1 cloak (worn)
Jewellery
 t - an amulet of clarity (around neck)
 w - a +5 ring of strength (left hand)
 L - an uncursed amulet of resist corrosion
Magical devices
 j - a wand of polymorph (5)
 z - a wand of paralysis (1)
 B - a wand of heal wounds (4)
 V - a wand of slowing (29)
Scrolls
 d - 4 scrolls of recharging
 u - 3 scrolls of remove curse
 x - 6 scrolls of teleportation
 F - 2 scrolls of blinking
 G - 5 scrolls of identify
 J - 2 scrolls of fear
 N - a scroll of magic mapping
 R - a scroll of fog
Potions
 e - 3 potions of ambrosia
 g - a potion of lignification
 m - 3 potions of flight
 n - 11 potions of curing
 o - 2 potions of heal wounds
 v - 2 potions of haste
 E - a potion of berserk rage
 K - a potion of resistance
 T - a potion of cure mutation
Books
 H - a book of Conjurations

   Spells                             Type                      Level
   a - Magic Dart                     Conjuration                  1
   b - Searing Ray                    Conjuration                  2
   c - Dazzling Spray                 Conjuration/Hexes            3
   d - Fulminant Prism                Conjuration/Hexes            4
   e - Iskenderun's Mystic Blast      Conjuration                  4
   f - Iskenderun's Battlesphere      Conjuration/Charms           5
   Trog disapproves of the use of such an item.
 P - a book of Callings

   Spells                             Type                      Level
   a - Summon Small Mammal            Summoning                    1
   b - Call Imp                       Summoning                    2
   c - Call Canine Familiar           Summoning                    3
   d - Summon Guardian Golem          Hexes/Summoning              3
   e - Summon Lightning Spire         Summoning/Air                4
   f - Summon Ice Beast               Ice/Summoning                4
   Trog disapproves of the use of such an item.
 Q - a book of Enchantments

   Spells                             Type                      Level
   a - Cause Fear                     Hexes                        4
   b - Silence                        Hexes/Air                    5
   c - Deflect Missiles               Charms/Air                   6
   d - Haste                          Charms                       6
   e - Discord                        Hexes                        8
   Trog disapproves of the use of such an item.
 S - a Fen Folio

   Spells                             Type                      Level
   a - Corpse Rot                     Necromancy                   2
   b - Stone Arrow                    Conjuration/Earth            3
   c - Leda's Liquefaction            Hexes/Earth                  4
   d - Summon Forest                  Summoning/Translocation      5
   e - Hydra Form                     Transmutation                6
   f - Summon Hydra                   Summoning                    7
   Trog disapproves of the use of such an item.
 U - a book of Summonings

   Spells                             Type                      Level
   a - Recall                         Summoning/Translocation      3
   b - Aura of Abjuration             Summoning                    5
   c - Shadow Creatures               Summoning                    5
   d - Summon Demon                   Summoning                    5
   e - Summon Forest                  Summoning/Translocation      5
   f - Summon Mana Viper              Hexes/Summoning              5
   Trog disapproves of the use of such an item.
Comestibles
 c - 11 bread rations
 k - 16 fruits
 l - 4 meat rations
 r - 3 beef jerkies
 M - 3 slices of pizza


   Skills:
 + Level 13.3 Fighting
 * Level 13.8 Maces & Flails
 + Level 8.1 Armour
 + Level 8.0 Dodging
 - Level 5.2 Evocations


You had 11 spell levels left.
You didn't know any spells.

Dungeon Overview and Level Annotations

Branches:
Dungeon (9/15)             Temple (0/1) D:6            Lair (4/8) D:9
 Shoals (0/4) Lair:3
  Snake: Lair:3-6    Spider: Lair:3-6       Orc: D:9-12

Altars:
Cheibriados
Elyvilon
Fedhas
Nemelex Xobeh
Qazlal
Ru
The Shining One


Message History

You feel yourself moving faster!
You feel mighty!
You are feeling hungry.
The minotaur hits you with a transparent quarterstaff {elec}!!
* * * LOW HITPOINT WARNING * * *
You are electrocuted!
* * * LOW HITPOINT WARNING * * *
The minotaur misses you.
You hit the minotaur.
The minotaur is heavily wounded.
The minotaur hits you with a transparent quarterstaff {elec}.
* * * LOW HITPOINT WARNING * * *
The minotaur gores you.
* * * LOW HITPOINT WARNING * * *
You are too berserk!
You hit the minotaur but do no damage.
The minotaur is heavily wounded.
You sock the minotaur! You freeze the minotaur.
The minotaur is severely wounded.
The minotaur hits you with a transparent quarterstaff {elec}!!
You die...

▓.# #. ##
#### # #
#.....# .
... #
▓.###. # #
# # # .# .
.#.. . . #
▓. .###
#.#. . #
▓.#.# ...##
## ▓ #.
####...' #.
▓ .
#.#.H.#####
# .. ▓.###
#@###... ..
▓.....#.#
.. . .
▓.###.#.#.#
###.## ▓. #
....# # #
▓# ##.#.###
# # # #...
# #.#.#.# #
#. ..#.# #
##### # #.
# # #


You could see a minotaur.

Vanquished Creatures
  Gastronok (D:8)
  Harold (Lair:1)
  3 hydras
  Erica (Lair:1)
  A queen ant (Lair:3)
  A griffon (Lair:3)
  2 manticores
  2 black mambas
  Maurice (D:8)
  2 spiny frogs
  5 komodo dragons
  The ghost of amnekian the Insei, an experienced OpTm of Cheibriados (D:7)
  2 trolls (D:9)
  A polar bear (Lair:3)
  13 yaks
  Sigmund (D:2)
  A wraith (D:9)
  2 spriggans
  Grum (D:8)
  5 soldier ants (Lair:3)
  Menkaure (D:5)
  12 wolves
  Edmund (D:5)
  3 hippogriffs (Lair:3)
  6 water moccasins
  A black bear (D:6)
  Duvessa (D:5)
  A wasp (Lair:2)
  3 phantoms
  A sky beast (D:6)
  2 orc warriors (D:8)
  2 porcupines (Lair:2)
  The ghost of hexophile the Magician, an average NaWz (D:3)
  6 centaurs
  4 ogres
  6 crocodiles
  2 big kobolds
  Dowan (D:5)
  9 giant frogs
  3 scorpions
  A spriggan skeleton (Lab)
  A troll skeleton (Lab)
  11 wights
  An electric eel (Lair:1)
  2 jellies
  4 hounds
  A centaur zombie (D:8)
  2 giant frog zombies
  8 orc wizards
  Jessica (D:2)
  Natasha (thrice) (D:2)
  An iguana (Lair:3)
  4 hell rats (Lair:1)
  12 worker ants
  A killer bee zombie (D:9)
  2 ogre skeletons (Lab)
  A hound zombie (D:8)
  A hound skeleton (D:4)
  A worker ant zombie (D:9)
  Robin (D:2)
  25 river rats
  12 adders
  9 gnolls
  A shadow imp (D:5)
  An ooze (D:5)
  2 worms
  An adder skeleton (D:8)
  4 giant geckos
  25 orcs
  A ball python (D:1)
  11 bats
  9 giant cockroaches
  15 hobgoblins
  2 jackals (Sewer)
  6 quokkas
  5 giant newts
  13 goblins
  A jackal zombie (D:7)
  22 kobolds
  A quokka skeleton (D:5)
  35 rats
  3 plants (Lair:3)
376 creatures vanquished.

Vanquished Creatures (others)
  A quokka (D:2)
  3 fungi
  A plant (Lair:3)
5 creatures vanquished.

Grand Total: 381 creatures vanquished

Notes
Turn   | Place    | Note
--------------------------------------------------------------
     0 | D:1      | rnawigator the Hill Orc Berserker began the quest for the Orb.
     0 | D:1      | Reached XP level 1. HP: 19/19 MP: 1/1
   348 | D:1      | Reached XP level 2. HP: 21/27 MP: 2/2
   636 | D:2      | Reached skill level 4 in Fighting
   636 | D:2      | Reached XP level 3. HP: 11/33 MP: 3/3
   874 | D:2      | Found a white marble altar of Elyvilon.
   908 | D:2      | Acquired Trog's second power
   944 | D:2      | Noticed Sigmund
   982 | D:2      | Killed Sigmund
   982 | D:2      | Reached skill level 5 in Fighting
   982 | D:2      | Reached XP level 4. HP: 31/42 MP: 4/4
   982 | D:2      | Reached XP level 5. HP: 35/48 MP: 5/5
  1129 | D:2      | Noticed Natasha
  1447 | D:2      | Killed Natasha
  1447 | D:2      | Reached XP level 6. HP: 40/56 MP: 6/6
  1776 | D:2      | Noticed Robin
  1783 | D:2      | Killed Robin
  1860 | D:2      | Reached skill level 5 in Maces & Flails
  1922 | D:2      | Noticed Jessica
  1943 | D:2      | Killed Jessica
  2040 | D:2      | Noticed Natasha
  2046 | D:2      | Killed Natasha
  2134 | D:2      | Noticed Natasha
  2143 | D:2      | Killed Natasha
  2701 | D:3      | Noticed hexophile's ghost (average NaWz)
  2715 | D:3      | Killed hexophile's ghost
  2715 | D:3      | Reached skill level 6 in Fighting
  2715 | D:3      | Reached XP level 7. HP: 46/63 MP: 7/7
  3459 | D:4      | Found a glowing golden altar of the Shining One.
  3585 | D:4      | Found a glowing drain.
  3590 | Sewer    | Entered a sewer
  3595 | Sewer    | Acquired Trog's third power
  3804 | Sewer    | Found a white marble altar of Elyvilon.
  3989 | D:4      | Reached skill level 7 in Fighting
  4134 | D:4      | Reached XP level 8. HP: 53/73 MP: 8/8
  4473 | D:5      | Entered Level 5 of the Dungeon
  4655 | D:5      | Found a sparkling altar of Nemelex Xobeh.
  4655 | D:5      | Found a blossoming altar of Fedhas.
  4684 | D:5      | Noticed Dowan
  4685 | D:5      | Noticed Duvessa
  4705 | D:5      | Killed Duvessa
  4711 | D:5      | Killed Dowan
  5090 | D:5      | Noticed Menkaure
  5097 | D:5      | Killed Menkaure
  5097 | D:5      | Reached skill level 8 in Fighting
  5107 | D:5      | Reached skill level 5 in Armour
  5480 | D:5      | Noticed Edmund
  5493 | D:5      | Killed Edmund
  5532 | D:5      | Got a spiked leather armour
  5544 | D:5      | Identified the +6 leather armour "Qagicac" {rPois rF+ MR- Regen+} (You found it on level 5 of the Dungeon)
  5592 | D:5      | Reached XP level 9. HP: 34/82 MP: 9/9
  5923 | D:6      | Paralysed by an orc for 5 turns
  6181 | D:6      | Found a staircase to the Ecumenical Temple.
  6265 | D:6      | Reached skill level 9 in Fighting
  6615 | D:7      | Noticed amnekian's ghost (experienced OpTm)
  6636 | D:7      | Killed amnekian's ghost
  6904 | D:7      | Reached skill level 1 in Evocations
  7273 | D:7      | Found a sacrificial altar of Ru.
  7722 | D:8      | Noticed Grum
  7846 | D:8      | Noticed Maurice
  7860 | D:8      | Killed Maurice
  7860 | D:8      | Reached skill level 10 in Fighting
  7860 | D:8      | Reached skill level 5 in Dodging
  7860 | D:8      | Reached XP level 10. HP: 91/93 MP: 10/12
  7942 | D:8      | Killed Grum
  8511 | D:8      | Noticed Gastronok
  8536 | D:8      | Killed Gastronok
  8536 | D:8      | Received a gift from Trog
  8536 | D:8      | Reached skill level 11 in Fighting
  8536 | D:8      | Reached skill level 10 in Maces & Flails
  9030 | D:9      | Reached XP level 11. HP: 49/102 MP: 14/14
  9290 | D:9      | Found a stormy altar of Qazlal.
  9427 | D:9      | Found a staircase to the Lair.
  9630 | D:9      | Found a snail-covered altar of Cheibriados.
  9932 | Lair:1   | Entered Level 1 of the Lair of Beasts
 10024 | Lair:1   | Noticed Harold
 10055 | Lair:1   | Killed Harold
 10055 | Lair:1   | Reached skill level 5 in Evocations
 10158 | Lair:1   | Noticed a six-headed hydra
 10175 | Lair:1   | Killed a six-headed hydra
 10175 | Lair:1   | Reached skill level 12 in Fighting
 10240 | Lair:1   | Noticed Erica
 10267 | Lair:1   | Killed Erica
 10629 | Lair:1   | Received a gift from Trog
 11235 | Lair:2   | Noticed a spriggan rider
 11247 | Lair:2   | Killed a spriggan
 11247 | Lair:2   | Reached XP level 12. HP: 83/113 MP: 15/15
 11254 | Lair:2   | Killed a wasp
 12205 | Lair:3   | Noticed a five-headed hydra
 12215 | Lair:3   | Killed a five-headed hydra
 12260 | Lair:3   | Reached skill level 13 in Maces & Flails
 12329 | Lair:3   | Got an ichor-stained hat
 12335 | Lair:3   | Identified the -4 hat of the Sun {rElec Str-4 Int+4} (You found it on level 3 of the Lair of Beasts)
 12671 | Lair:3   | Noticed a queen ant
 12710 | Lair:3   | Killed a queen ant
 13098 | Lair:3   | Found a staircase to the Shoals.
 13700 | Lair:3   | Got a faintly humming chain mail
 13711 | Lair:3   | Identified the cursed +0 chain mail of Divine Intervention {rElec rPois rF- Dex+3} (You found it on level 3 of the Lair of Beasts)
 13843 | Lair:4   | Noticed a five-headed hydra
 13853 | Lair:4   | Killed a five-headed hydra
 13890 | Lair:4   | Found a labyrinth entrance.
 13899 | Lab      | Entered a labyrinth
 15946 | Lab      | Noticed a minotaur
 15956 | Lab      | Identified the +9 quarterstaff of Dafoej {elec, rC+ SInv}
 15956 | Lab      | Demolished by a minotaur

Vault maps used:
D:1:      lemuel_arrival_hallway, serial_park_tiny_1
D:2:      elyvilon_altar_4, first_bread, uniq_robin, uniq_natasha, uniq_jessica,
          uniq_sigmund
D:3:      minmay_misc_feat_secret_circle, st_stairs_3
D:4:      portal_sewer_entry_e, tso_metal_star
D:5:      amethyst_overflow_temple_binary, uniq_menkaure, uniq_edmund,
          uniq_duvessa
D:6:      minmay_temple_entry_water_ring, roderic_serpentine_path
D:7:      hangedman_ru_absence
D:8:      uniq_maurice, uniq_gastronok, uniq_grum
D:9:      slow_altar_2, lair_0_dummy, basic_altar, the_bakery,
          minmay_misc_feat_more_columns
Lair:1:   kennysheep_abandoned_house, infiniplex_staircase_pool,
          serial_bayou_shore_b, uniq_erica, uniq_harold
Lair:2:   grunt_forest_large_clearings
Lair:3:   minmay_shoals_entry_beasts, wad_woods_antlair
Lair:4:   lab_entry_generic
Lab:      labyrinth_green, nicolae_lab_checkerboard
Sewer:    sewer_kobolds

Action                   |  1- 3 |  4- 6 |  7- 9 | 10-12 || total
-------------------------+-------+-------+-------+-------++-------
Melee: Mace              |    80 |   169 |   370 |   864 ||  1483
       Unarmed           |     8 |     1 |       |       ||     9
       Flail             |       |       |    55 |    12 ||    67
       Hunting sling     |       |       |     3 |       ||     3
 Fire: Hunting sling     |       |     7 |    19 |    28 ||    54
Throw: Stone             |     2 |     9 |     5 |       ||    16
Invok: Berserk           |     1 |       |     4 |     2 ||     7
       Trog's Hand       |       |       |       |     1 ||     1
Evoke: Wand              |       |     1 |       |     2 ||     3
  Use: Scroll            |     4 |     4 |     8 |    14 ||    30
       Potion            |       |     2 |       |     3 ||     5
 Stab: Sleeping          |     2 |       |     1 |       ||     3
       Confused          |     1 |       |       |       ||     1
       Distracted        |       |       |       |     1 ||     1
  Eat: Chunk             |     1 |     6 |    19 |    20 ||    46
       Fruit             |       |       |     2 |     9 ||    11
